 Dungeon Crawl Stone Soup version 0.17.0-28-g6e173f8 (webtiles) character file.

159 lucasterio the Conjurer (level 5, -5/31 HPs)
             Began as an Octopode Wizard on Dec 3, 2015.
             Slain by Sigmund
             ... wielding a +1 scythe of protection
              (10 damage)
             ... on level 4 of the Dungeon.
             The game lasted 00:12:43 (4356 turns).

lucasterio the Conjurer (Octopode Wizard)           Turns: 4356, Time: 00:12:43

Health: -5/31      AC:  1    Str:  6    XL:     5   Next: 40%
Magic:  8/10       EV: 12    Int: 21    God:
Gold:   176        SH:  0    Dex: 11    Spells: 4 memorised, 3 levels left

rFire  . . .     SeeInvis .     e - +0 dagger (elec)
rCold  . . .     Clarity  .     (no shield)
rNeg   . . .     SustAt   .     a - +0 hat
rPois  .         Gourm    .     (no amulet)
rElec  .         Spirit   .     (no ring)
rCorr  .         Warding  .     (no ring)
rMut   .         Stasis   .     (no ring)
MR     .....                    (no ring)
Stlth  ++........               (no ring)
                                (no ring)
                                (no ring)
                                (no ring)

@: confused, not resistant to hostile enchantments, unstealthy
A: almost no armour, amphibious, 8 rings, constrict 8, camouflage 1, gelatinous
body 1
a: no special abilities


You were on level 4 of the Dungeon.
You were not hungry.

You visited 1 branch of the dungeon, and saw 4 of its levels.

You collected 176 gold pieces.

Inventory:

Hand Weapons
 e - a +0 dagger of electrocution (weapon)
 h - a +2 short sword of venom
 r - the +9 spear of Quxkon {pain, MR+, unknown}
   (You found it on level 4 of the Dungeon)

   In the hands of one skilled in necromantic magic, it inflicts extra damage on
   living creatures.
   It affects your resistance to hostile enchantments.
Armour
 a - a +0 hat (worn)
Jewellery
 d - an uncursed ring of ice {unknown}
Wands
 q - a wand of random effects (17)
Scrolls
 f - a scroll of remove curse {unknown}
 g - 3 scrolls of teleportation {unknown}
 i - 3 scrolls of enchant armour {unknown}
 k - a scroll of magic mapping {unknown}
 p - 3 scrolls of identify {unknown}
Potions
 j - 2 potions of haste {unknown}
 l - a potion of might {unknown}
 n - 2 potions of ambrosia {unknown}
 o - a potion of curing {unknown}
Books
 b - a book of Minor Magic

   Spells                             Type                      Level
   a - Magic Dart                     Conjuration                  1
   b - Blink                          Translocation                2
   c - Call Imp                       Summoning                    2
   d - Repel Missiles                 Charms/Air                   2
   e - Slow                           Hexes                        2
   f - Conjure Flame                  Conjuration/Fire             3
   g - Mephitic Cloud                 Conjuration/Poison/Air       3
Comestibles
 m - 2 bread rations
 s - a meat ration


   Skills:
 - Level 2.0 Dodging
 - Level 2.6 Stealth
 + Level 3.9 Spellcasting
 * Level 4.2 Conjurations
 - Level 1.0 Summonings
 - Level 1.0 Translocations


You had 3 spell levels left.
You knew the following spells:

 Your Spells              Type           Power        Failure   Level  Hunger
a - Magic Dart            Conj           ###.         1%          1    None
b - Blink                 Tloc           N/A          14%         2    #......
c - Call Imp              Summ           #.......     14%         2    #......
d - Mephitic Cloud        Conj/Pois/Air  ##......     24%         3    ###....


Dungeon Overview and Level Annotations

Branches:
Dungeon (4/15)
 Temple: D:4-7

Altars:
Nemelex Xobeh
Xom
Zin
The Shining One

Annotations:
D:4 Sigmund


Innate Abilities, Weirdness & Mutations

You cannot wear most types of armour.
You are amphibious.
You can wear up to eight rings at the same time.
You can use your tentacles to constrict eight enemies at once.
Your skin changes colour to match your surroundings (Stealth).
Your rubbery body absorbs attacks (AC +1).


Message History

You are confused.
You're too confused to cast spells.
You're too confused!
Unknown command.
You bump into the rock wall.
Sigmund points at you and mumbles some strange words.
You are more confused.
You're too confused to move!
Sigmund casts a spell at you.
You are more confused.
You bump into the rock wall.
Sigmund casts a spell.
Sigmund flickers and vanishes!
You bump into the rock wall.
Something hits you.
You bump into the rock wall.
You bump into the rock wall.
You bump into the rock wall.
Something hits you!
* * * LOW HITPOINT WARNING * * *
You bump into the rock wall.
Something hits you!
You die...

#.## #..##
###..## #...#
#.....#
##.#.#
##.###.##
#..#.# #..#
#..#####.##.#
#.##
##...##..##>#
##.#
###.#..###.##
##..#
#.#.####..#
#..###
#.....@.{.#
.....#
###.#####.#
#.##.....
...# ... #.#
##### #####
..... ..#
.[...# ###
.....# #
.....# # #


There were no monsters in sight!

Vanquished Creatures
  2 worker ants
  A hound skeleton (D:4)
  2 adders (D:3)
  An ooze (D:3)
  An adder skeleton (D:4)
  2 worms
  3 giant geckos
  2 ball pythons
  7 bats
  9 hobgoblins
  7 kobolds
  3 quokkas
  3 giant cockroaches
  2 giant newts (D:3)
  10 goblins
  5 jackals
  9 rats
69 creatures vanquished.

Notes
Turn   | Place    | Note
--------------------------------------------------------------
     0 | D:1      | lucasterio the Octopode Wizard began the quest for the Orb.
     0 | D:1      | Reached XP level 1. HP: 11/11 MP: 4/4
   782 | D:1      | Reached XP level 2. HP: 17/17 MP: 4/6
  1245 | D:1      | Reached XP level 3. HP: 21/21 MP: 4/7
  1867 | D:2      | Found a shimmering altar of Xom.
  1867 | D:2      | Found a shimmering altar of Xom.
  1867 | D:2      | Found a shimmering altar of Xom.
  1899 | D:2      | Found a shimmering altar of Xom.
  1900 | D:2      | Found a shimmering altar of Xom.
  1902 | D:2      | Found a shimmering altar of Xom.
  2047 | D:2      | Found a glowing silver altar of Zin.
  2413 | D:2      | Found a sparkling altar of Nemelex Xobeh.
  2817 | D:3      | Found a glowing golden altar of the Shining One.
  2906 | D:3      | Reached XP level 4. HP: 19/27 MP: 6/9
  3148 | D:3      | Learned a level 2 spell: Blink
  3151 | D:3      | Learned a level 2 spell: Call Imp
  3155 | D:3      | Learned a level 3 spell: Mephitic Cloud
  3751 | D:4      | Noticed Sigmund
  3782 | D:3      | Reached skill level 4 in Conjurations
  3782 | D:3      | Reached XP level 5. HP: 16/31 MP: 1/10
  4092 | D:4      | Got a slimy spear
  4356 | D:4      | Slain by Sigmund

Action                   |  1- 3 |  4- 6 || total
-------------------------+-------+-------++-------
Melee: Unarmed           |    39 |       ||    39
       Dagger            |     9 |     8 ||    17
 Cast: Magic Dart        |    96 |    67 ||   163
       Call Imp          |       |     2 ||     2
 Stab: Sleeping          |     1 |       ||     1
       Distracted        |       |     1 ||     1
  Eat: Chunk             |     6 |     2 ||     8
       Bread ration      |       |     1 ||     1
